 Dungeon Crawl Stone Soup version 0.29.1-1-gd02db6906a (webtiles) character file.

Game seed: 14568700243525081305

2 Araneus the Trooper (level 1, -1/18 HPs)
             Began as a Demonspawn Fighter on Sept 30, 2022.
             Slain by a jackal (2 damage)
             ... on level 1 of the Dungeon.
             The game lasted 00:00:31 (30 turns).

Araneus the Trooper (Demonspawn Fighter)              Turns: 30, Time: 00:00:31

Health: -1/18      AC:  6    Str: 16    XL:     1   Next: 25%
Magic:  1/1        EV:  8    Int:  9    God:
Gold:   0          SH:  4    Dex: 12    Spells: 0/0 levels left

rFire   . . .      SeeInvis .   a - +0 flail
rCold   . . .      Faith    .   c - +0 buckler
rNeg    . . .      Spirit   .   b - +0 scale mail
rPois   .          Reflect  .   (no helmet)
rElec   .          Harm     .   (no cloak)
rCorr   .          Rampage  .   (no gloves)
Will    .....                   (no boots)
Stlth   ..........              (no amulet)
HPRegen 0.06/turn               (no ring)
MPRegen 0.07/turn               (no ring)

@: mighty
A: no striking features
a: no special abilities


You were on level 1 of the Dungeon.
You visited 1 branch of the dungeon, and saw 1 of its levels.

Inventory:

Hand Weapons
 a - a +0 flail (weapon)
Armour
 b - a +0 scale mail (worn)
 c - a +0 buckler (worn)


   Skills:
 - Level 3.0 Fighting
 + Level 2.0 Maces & Flails
 - Level 2.6 Armour
 - Level 2.6 Shields


You couldn't memorise any spells.
You didn't know any spells.
Your spell library was empty.

Dungeon Overview and Level Annotations

Branches:
Dungeon (1/15)

Altars:


Message History

You barely miss the jackal.
The jackal is lightly wounded.
The jackal bites you. You block the jackal's attack. x2
You hit the jackal but do no damage.
The jackal is lightly wounded.
The jackal closely misses you. The jackal bites you.
The jackal barely misses you.
You barely miss the jackal. You block the jackal's attack.
The jackal closely misses you.
The jackal bites you but does no damage.
The jackal closely misses you.
You closely miss the jackal.
The jackal bites you but does no damage. x2
The jackal bites you.
* * * LOW HITPOINT WARNING * * *
The jackal bites you.
* * * LOW HITPOINT WARNING * * *
The jackal bites you but does no damage.
You block the jackal's attack.
You hit the jackal.
You kill the jackal!
The jackal barely misses you. x2
The dart slug launches a dart at you. The slug dart hits you.
* * * LOW HITPOINT WARNING * * *
The jackal closely misses you. The jackal completely misses you.
Your Maces & Flails skill increases to level 2!
You hit the jackal but do no damage.
The jackal bites you but does no damage. x2
The jackal completely misses you. The jackal barely misses you.
Unknown command.
You feel very mighty all of a sudden. You block the jackal's attack.
The jackal bites you but does no damage.
The dart slug launches a dart at you.
The slug dart hits you but does no damage.
You miss the jackal. The jackal bites you.
* * * LOW HITPOINT WARNING * * *
The jackal bites you.
You die...

~~≈~~≈~?)......#
~≈≈≈≈≈~~......~##
~≈≈≈≈≈~~....~~≈~###
~≈≈≈≈≈≈....~~~≈≈≈≈≈
~≈≈≈≈≈~~~..~~~≈≈≈≈≈
~≈≈≈≈≈≈~~..~~≈≈≈≈≈≈
~≈≈≈≈≈≈~~...~~≈≈≈≈≈
~~≈≈≈≈≈≈##w##~≈≈≈≈≈
≈≈≈≈≈≈##h@h##≈≈≈≈≈
~≈≈≈≈≈#.....#≈≈≈≈≈
~~≈≈≈≈#..<..# ≈≈≈≈
~≈≈≈ #..>..# ≈≈≈≈
~~≈ ##...## #####


You could see a dart slug and 2 jackals.

Vanquished Creatures
  A jackal (D:1)
  A kobold (D:1)
2 creatures vanquished.

Notes
Turn   | Place    | Note
-------+----------+-------------------------------------------
     0 | D:1      | Araneus the Demonspawn Fighter began the quest for the Orb.
     0 | D:1      | Reached XP level 1. HP: 18/18 MP: 1/1
    30 | D:1      | Slain by a jackal

Illustrated notes

Levels and vault maps discovered:
D:1:      minmay_arrival_shoal_huts, layout_loops_corners, serial_aquarium,
          aquarium_bridge_square [aquarium_subvault_bridge,
          aquarium_subvault_bridge, aquarium_subvault_window,
          aquarium_subvault_bridge], aquarium_bridge_long_joined
          [aquarium_subvault_window, aquarium_subvault_wall,
          aquarium_subvault_wall, aquarium_subvault_bridge,
          aquarium_subvault_bridge, aquarium_subvault_window],
          aquarium_window_corridor_1, aquarium_window_fake,
          aquarium_window_corner, aquarium_window_2, aquarium_view_2d,
          st_stairs_7

Skill      XL: |  1 |
---------------+----+-----
Maces & Flails | 2 |  2.0
Fighting       | |  3.0
Armour         | |  2.6
Shields        | |  2.6

Action                   || total
-------------------------++-------
Melee: Flail             ||    11
  Use: Potion            ||     1
Armor: Scale mail        ||    18
Dodge: Dodged            ||    20
Block: Buckler           ||     7
